 Dungeon Crawl Stone Soup version 0.31-a0-233-g139696dc86 (webtiles) character file.

Game seed: 11964916926964824309

89 qw the Shooter (level 4, 0/26 HPs)
             Began as a Gargoyle Hexslinger on July 8, 2023.
             Slain by a goblin
             ... wielding a +0 club
             ... led by Robin
              (2 damage)
             ... on level 3 of the Dungeon.
             The game lasted 00:00:31 (1048 turns).

qw the Shooter (Gargoyle Hexslinger)                Turns: 1048, Time: 00:00:31

Health: 0/26       AC:  6    Str: 12    XL:     4   Next: 55%
Magic:  5/5        EV: 11    Int: 13    God:
Gold:   26         SH:  0    Dex: 14    Spells: 4/5 levels left

rFire   . . .        Y - +1 sling
rCold   . . .        (no shield)
rNeg    + . .        f - +0 leather armour
rPois   inf          (no helmet)
rElec   +            (no cloak)
rCorr   .            (no gloves)
SInv    .            (no boots)
Will    .....        (no amulet)
Stlth   +            (no ring)
HPRegen 0.24/turn    (no ring)
MPRegen 0.09/turn

%: no passive effects
@: no status effects
A: sickness immunity, AC +3, negative energy resistance 1, electricity
resistance, torment resistance 1, petrification resistance
a: no special abilities


You were on level 3 of the Dungeon.
You visited 1 branch of the dungeon, and saw 3 of its levels.

You collected 26 gold pieces.


Innate Abilities, Weirdness & Mutations

You are immune to sickness and miasma.
Your stone body is resilient. (AC +3)
You are immune to poison.
You resist negative energy. (rN+)
You are resistant to electric shocks. (rElec)
You are resistant to unholy torment.
You are immune to petrification.


   Skills:
 - Level 2.0 Fighting
 + Level 4.3 Ranged Weapons
 - Level 1.5 Dodging
 - Level 1.0 Spellcasting
 - Level 2.6 Hexes


You had 4 spell levels left.
You knew the following spells:

 Your Spells              Type           Power      Damage    Failure   Level
a - Slow                  Hex            28%        N/A       12%         1

Your spell library contained the following spells:

 Spells                   Type           Power      Damage    Failure   Level
 Inner Flame              Hex/Fire       4%         N/A       52%         3
 Portal Projectile        Hex/Tloc       8%         N/A       52%         3
 Cause Fear               Hex            3%         N/A       75%         4

Inventory:

Hand Weapons
 Y - a +1 sling (weapon)
Armour
 f - a +0 leather armour (worn)
Scrolls
 a - 3 scrolls of identify {unknown}
Potions
 b - a potion of lignification {unknown}
 c - a potion of invisibility {unknown}
 d - a potion of mutation {unknown}

Dungeon Overview and Level Annotations

Branches:
Dungeon (2/15)

Altars:


Message History

You are yanked towards some nearby monsters!
Your surroundings suddenly seem different.
Robin, 2 hobgoblins and 9 goblins come into view.
A goblin is wielding a +1 dagger of protection.
Found a scroll labelled URRUYCR YHIPS.
The goblin shouts! x3; The hobgoblin shouts!
The goblin shouts!
Robin shouts!
The goblin shouts!
The goblin closely misses you.
Robin roars a battlecry!
The goblins go into a battle-frenzy!
You see here a scroll labelled URRUYCR YHIPS.
You shoot a sling bullet. The goblin shouts!
The sling bullet hits Robin.
Robin is moderately wounded.
The goblin hits you but does no damage. The goblin misses you.
Robin hits you with a +0 club.
You shoot a sling bullet. The sling bullet hits Robin.
Robin is heavily wounded.
The goblin misses you. The goblin hits you with a +0 club.
You shoot a sling bullet. The sling bullet hits Robin.
Robin is severely wounded.
The goblin hits you with a +0 club. The goblin barely misses you.
The goblin hits you with a +0 club. The goblin misses you.
You shoot a sling bullet. The sling bullet barely misses Robin.
The sling bullet hits the hobgoblin.
You kill the hobgoblin!
The goblin hits you with a +0 club. x2
You shoot a sling bullet. The sling bullet hits Robin.
Robin is almost dead.
The goblin hits you but does no damage. x2; Robin barely misses you.
You shoot a sling bullet. The sling bullet hits Robin.
You kill Robin!
The goblin hits you with a +0 club. The goblin hits you but does no damage.
You shoot a sling bullet. The sling bullet hits the goblin.
The goblin is moderately wounded.
The goblin barely misses you. The goblin hits you with a +0 club.
The goblin hits you but does no damage. The goblin hits you with a +0 dagger.
The goblin barely misses you. The goblin hits you with a +0 club.
You die...

.. .. .# .#
g# g######
#.###ggg....
#.gg@ggg....
############


You could see a hobgoblin (strong) and 9 goblins.

Vanquished Creatures
  Natasha (D:3)
  Robin (D:3)
  An adder (D:3)
  A worm (D:3)
  2 dart slugs (D:1)
  2 endoplasms (D:1)
  3 giant cockroaches (D:1)
  6 goblins
  2 hobgoblins
  4 kobolds
  3 quokkas (D:1)
  3 ball pythons (D:1)
  5 bats
  5 frilled lizards (D:1)
  A rat (D:1)
40 creatures vanquished.

Notes
Turn   | Place    | Note
-------+----------+-------------------------------------------
     0 | D:1      | qw the Gargoyle Hexslinger began the quest for the Orb.
     0 | D:1      | Reached XP level 1. HP: 12/12 MP: 2/2
     0 | D:1      | 0 ||| qw: Version: 0.3-a-46-gb1f654a
     0 | D:1      | 0 ||| qw: Game counter: 3416
     0 | D:1      | 0 ||| qw: Melee chars always use a shield: true
     0 | D:1      | 0 ||| qw: God list: Okawaru
     0 | D:1      | 0 ||| qw: Allow faded altars: false
     0 | D:1      | 0 ||| qw: Do Orc after clearing Dungeon:15 true
     0 | D:1      | 0 ||| qw: Do second Lair branch before Depths: true
     0 | D:1      | 0 ||| qw: Lair rune preference: random
     0 | D:1      | 0 ||| qw: Goals: Normal
     0 | D:1      | 0 ||| PLANNING D:1-11
   126 | D:1      | Reached XP level 2. HP: 14/16 MP: 3/3
   176 | D:1      | Reached skill level 3 in Ranged Weapons
   398 | D:1      | Reached XP level 3. HP: 21/21 MP: 4/4
   721 | D:1      | 721 ||| UPGRADING to +0 leather armour.
   731 | D:1      | 731 ||| DROPPING +0 robe.
   732 | D:1      | 732 ||| READING scroll labelled LOUNGEI MELA.
   733 | D:1      | 733 ||| READING scroll labelled FOOSAO NAORE.
   734 | D:1      | 734 ||| READING scroll labelled XAEJOE RERI.
   737 | D:1      | 737 ||| DROPPING scroll of poison.
   800 | D:2      | You fall into a shaft and drop 1 floor!
   801 | D:3      | 801 ||| PLANNING SEWER
   820 | D:3      | Noticed Natasha
   832 | D:3      | Killed Natasha
   833 | D:3      | Reached XP level 4. HP: 15/26 MP: 5/5
   843 | D:3      | Reached skill level 4 in Ranged Weapons
  1041 | D:3      | Noticed Robin
  1047 | D:3      | Killed Robin
  1048 | D:3      | HP: 5/26 [goblin/+0 club[Robin] (5)]
  1048 | D:3      | HP: 2/26 [goblin/+0 dagger[Robin] (3)]
  1048 | D:3      | Slain by a goblin

Levels and vault maps discovered:
D:1:      lemuel_arrival_rhombus, layout_loops_ring
D:2:      layout_rooms, ebering_ecumenical_altar_petrified
D:3:      layout_loops_ring, mainiacjoe_overflow_alcove_1, gup_sewer_entry_pipe,
          uniq_jessica, uniq_natasha, uniq_terence, uniq_robin

Skill      XL: |  1  2  3  4 |
---------------+-------------+-----
Ranged Weapons | 3 4 |  4.3
Fighting       | 2 |  2.0
Dodging        | |  1.5
Spellcasting   | |  1.0
Hexes          | |  2.6

Action                     |  1- 3 |  4- 6 || total
---------------------------+-------+-------++-------
   Fire: Sling             |    97 |    43 ||   140
    Use: Scroll            |     3 |       ||     3
 Armour: Robe              |     7 |       ||     7
         Leather armour    |     5 |    14 ||    19
  Dodge: Dodged            |    28 |    29 ||    57

Table legend:
 A = Non-vault XP
 B = Vault XP
 C = Vault XP percentage of total XP
 D = Non-vault monster count
 E = Vault monster count
 F = Vault count percentage of total count
                 A         B        C        D         E       F
            +---------+---------+-------+---------+---------+-------
      Total |      76 |      52 |  40.6 |      37 |       3 |   7.5
            +---------+---------+-------+---------+---------+-------
        D:1 |      49 |       0 |   0.0 |      29 |       0 |   0.0
        D:2 |       1 |       0 |   0.0 |       1 |       0 |   0.0
        D:3 |      26 |      52 |  66.7 |       7 |       3 |  30.0
            +---------+---------+-------+---------+---------+-------
